Map: Heavy Artillery LE

Players

tut - Winner!

  • Race: Protoss Protoss
  • League: Diamond
  • Spawn Location: 1:00

Gumzi - Winner!

  • Race: Protoss Protoss
  • Spawn Location: 3:00

qqq

  • Race: Zerg Zerg
  • Spawn Location: 7:00

Massa

  • Race: Terran Terran
  • League: Platinum
  • Spawn Location: 7:00

VOD

Have the link to the VOD?

Description

Time

  • Played on: Oct. 29, 2020, 4:36 p.m.
  • Length: 16:41
Show
View Real Time Build Order
Export as new Build Order

tut Protoss - Winner!

Build Orders: 1 Gate Expand 

Get SALT Encoding   

  12  0:04  Probe  
  13  0:16  Probe  
  13  0:20  Pylon  
  14  0:28  Probe  
  15  0:40  Probe (Chrono Boost)  
  16  0:44  Gateway  
  16  0:50  Assimilator  
  16  0:56  Probe (Chrono Boost)  
  17  1:04  Probe  
  18  1:17  Probe  
  19  1:29  Probe  
  20  1:34  Nexus  
  20  1:43  Cybernetics Core  
  20  1:49  Probe  
  20  1:50  Assimilator  
  21  1:58  Pylon  
  21  2:02  Probe  
  22  2:14  Probe  
  23  2:19  Stalker (Chrono Boost), Warp Gate  
  23  2:22  Probe  
  26  2:30  Probe  
  27  2:37  Twilight Council  
  27  2:40  Probe  
  27  2:42  Pylon  
  28  2:50  Robotics Facility  
  28  2:52  Probe  
  29  3:13  Probe (Chrono Boost)  
  29  3:18  Probe (Chrono Boost)  
  31  3:21  Charge  
  31  3:25  Probe (Chrono Boost)  
  33  3:28  Probe (Chrono Boost)  
  33  3:30  Probe (Chrono Boost)  
  33  3:33  Gateway  
  33  3:34  Gateway  
  34  3:38  Warp Prism  
  34  3:40  Pylon  
  36  3:46  Pylon  
  36  3:49  Gateway  
  36  3:50  Gateway  
  36  3:58  Gateway  
  36  4:03  Gateway  
  36  4:06  Gateway  
  36  4:10  Pylon  
  36  4:38  Zealot x3, Pylon  
  42  5:07  Zealot x2  
  42  5:08  Zealot x4  
  42  5:09  Zealot  
  54  5:28  Zealot x2  
  54  5:29  Zealot x6  
  68  5:49  Zealot x6  
  80  5:50  Zealot x2  
  62  6:14  Zealot x4  
  62  6:15  Zealot x3  
  56  6:35  Zealot x6  
  56  6:36  Zealot x2  
  68  6:42  Forge  
  50  6:56  Zealot x7  
  50  6:57  Zealot  
  34  7:34  Zealot x2  
  34  7:35  Zealot x6  
  32  8:11  Photon Cannon  
  32  8:15  Pylon  
  32  8:16  Assimilator  
  32  8:17  Assimilator  
  32  8:22  Probe, Warp Prism (Chrono Boost)  
  35  8:30  Nexus  
  35  8:39  Probe (Chrono Boost)  
  37  8:45  Probe (Chrono Boost)  
  37  8:47  Shield Battery  
  38  8:49  Probe (Chrono Boost)  
  38  8:50  Shield Battery  
  38  8:51  Observer  
  38  8:52  Photon Cannon  
  38  8:53  Probe (Chrono Boost)  
  38  8:54  Probe (Chrono Boost), Blink (Chrono Boost)  
  40  9:00  Robotics Facility  
  41  9:04  Probe  
  41  9:06  Probe  
  41  9:09  Pylon  
  43  9:11  Pylon  
  43  9:12  Assimilator  
  43  9:15  Assimilator  
  43  9:16  Probe  
  44  9:18  Probe  
  45  9:28  Probe  
  45  9:30  Probe  
  47  9:40  Stalker x4  
  47  9:43  Probe x2 (Chrono Boost)  
  58  9:48  Probe (Chrono Boost)  
  58  9:52  Probe x2 (Chrono Boost)  
  60  10:08  Stalker x2  
  60  10:09  Stalker x2  
  68  10:19  Photon Cannon  
  68  10:21  Probe (Chrono Boost), Shield Battery  
  70  10:25  Stalker  
  70  10:27  Probe x2 (Chrono Boost)  
  73  10:29  Stalker x2  
  73  10:35  Stalker  
  79  11:01  Robotics Bay  
  79  11:06  Zealot x6  
  79  11:07  Zealot x2  
  95  11:14  Immortal (Chrono Boost)  
  99  11:26  Pylon  
  99  11:28  Probe, Pylon  
  100  11:36  Zealot x5  
  100  11:37  Zealot  
  112  11:45  Colossus (Chrono Boost)  
  112  11:53  Templar Archives  
  118  11:58  Probe x2 (Chrono Boost)  
  121  12:04  Probe (Chrono Boost)  
  121  12:06  Zealot x2  
  121  12:07  Probe x2 (Chrono Boost)  
  127  12:11  Probe (Chrono Boost)  
  127  12:12  Protoss Ground Weapons Level 1 (Chrono Boost), Pylon  
  127  12:15  Pylon  
  128  12:19  Pylon  
  128  12:31  High Templar x5  
  128  12:32  High Templar x3  
  128  12:35  Archon x2  
  128  12:36  Archon x2  
  144  12:46  Pylon  
  144  12:47  Pylon  
  144  12:50  Pylon  
  144  12:51  Colossus (Chrono Boost)  
  144  12:52  Pylon  
  150  13:11  High Templar  
  150  13:12  High Templar x3  
  158  13:13  Zealot x3  
  158  13:14  Zealot  
  158  13:19  Archon x2  
  162  13:46  Zealot x4  
  162  13:47  Zealot x2  
  162  13:48  Zealot x2  
  136  14:17  Zealot x5  
  136  14:18  Zealot x3  
  151  14:49  Zealot x3  
  151  14:50  Zealot x5  
  167  15:11  High Templar x3  
  167  15:12  High Templar x5  
  183  15:17  Archon x3  
  183  15:18  Archon  
  181  16:08  High Templar  
  181  16:09  High Templar x6  
  181  16:10  High Templar  
Show
View Real Time Build Order
Export as new Build Order

Gumzi Protoss - Winner!

Build Orders:  

Get SALT Encoding   

  12  0:01  Probe  
  13  0:13  Probe  
  14  0:25  Pylon  
  14  0:27  Probe  
  15  0:43  Probe  
  15  0:45  Gateway  
  16  0:54  Assimilator  
  16  0:55  Probe  
  16  0:56  Assimilator  
  17  1:07  Probe (Chrono Boost)  
  18  1:18  Probe (Chrono Boost)  
  19  1:22  Probe (Chrono Boost)  
  20  1:31  Gateway  
  20  1:34  Cybernetics Core  
  20  1:42  Assimilator  
  20  1:50  Nexus  
  20  1:54  Pylon  
  20  1:57  Probe  
  21  2:02  Zealot  
  23  2:18  Zealot  
  25  2:28  Probe  
  26  2:34  Gateway, Shield Battery  
  26  2:38  Pylon  
  26  2:40  Probe, Warp Gate (Chrono Boost)  
  27  2:47  Stalker  
  29  3:03  Probe x2  
  31  3:10  Assimilator  
  31  3:15  Probe x2  
  33  3:20  Pylon  
  33  3:33  Assimilator  
  33  3:36  Assimilator  
  33  3:37  Probe x2  
  35  3:46  Twilight Council  
  35  3:49  Probe x2  
  37  4:01  Probe x2 (Chrono Boost)  
  39  4:08  Robotics Facility  
  39  4:14  Probe x2 (Chrono Boost)  
  39  4:17  Blink (Chrono Boost)  
  41  4:23  Probe x2 (Chrono Boost)  
  43  4:25  Stalker  
  43  4:28  Probe, Stalker  
  48  4:34  Probe  
  49  4:40  Probe  
  50  4:57  Gateway  
  50  4:58  Gateway  
  50  4:59  Pylon  
  50  5:00  Warp Prism  
  52  5:39  Shield Battery  
  52  5:41  Stalker x2  
  52  5:42  Stalker  
  58  5:56  Forge  
  58  6:00  Stalker x2  
  62  6:19  Stalker x3  
  68  6:38  Stalker  
  70  6:52  Pylon  
  70  6:54  Pylon  
  66  6:58  Gateway  
  66  7:01  Gateway  
  66  7:13  Stalker x3  
  66  7:14  Stalker x2  
  58  7:51  Stalker x4  
  58  7:52  Stalker  
  68  8:08  Stalker x2  
  72  8:17  Zealot x2  
  72  8:18  Zealot x3  
  68  8:45  Stalker  
  68  8:46  Stalker x5  
  68  8:47  Stalker  
  82  8:57  Dark Shrine  
  82  8:58  Probe x2  
  84  9:04  Pylon  
  84  9:07  Gateway  
  84  9:08  Gateway  
  84  9:09  Warp Prism  
  86  9:11  Gateway  
  86  9:23  Probe  
  87  9:24  Stalker x3  
  87  9:25  Stalker  
  68  10:07  Stalker  
  68  10:08  Stalker x5  
  68  10:09  Stalker  
  66  10:28  Pylon  
  66  10:40  Dark Templar  
  66  10:41  Dark Templar  
  70  10:44  Dark Templar  
  70  10:45  Dark Templar  
  68  10:56  Probe  
  68  10:57  Probe  
  70  11:08  Probe  
  71  11:31  Stargate  
  71  11:32  Stargate  
  67  11:34  Stargate  
  67  11:48  Photon Cannon  
  67  11:52  Protoss Air Weapons Level 1 (Chrono Boost)  
  67  12:02  Probe x2  
  69  12:11  Pylon  
  69  12:16  Phoenix x2 (Chrono Boost)  
  69  12:17  Phoenix (Chrono Boost)  
  75  12:32  Phoenix x2 (Chrono Boost)  
  75  12:33  Phoenix (Chrono Boost)  
  79  12:53  Phoenix x2 (Chrono Boost)  
  79  12:54  Phoenix (Chrono Boost), Pylon  
  85  13:11  Phoenix (Chrono Boost)  
  91  13:18  Phoenix x2 (Chrono Boost)  
  83  14:23  Phoenix x3  
  87  14:25  Stalker x4  
  87  14:26  Stalker  
  95  14:56  Stalker x3  
  99  16:20  Stalker  
Show
View Real Time Build Order
Export as new Build Order

qqq Zerg 

Build Orders: Hatch First 

Get SALT Encoding   

  12  0:00  Drone  
  13  0:08  Drone  
  14  0:38  Hatchery  
  14  0:41  Drone  
  14  0:57  Spawning Pool  
  14  1:03  Overlord  
  13  1:07  Drone  
  13  1:10  Extractor  
  13  1:13  Drone  
  14  1:38  Extractor  
  13  1:41  Drone x3  
  16  1:49  Queen  
  16  1:51  Drone  
  19  2:02  Drone  
  19  2:05  Drone  
  21  2:08  Spine Crawler  
  21  2:09  Drone  
  21  2:14  Drone  
  22  2:19  Drone  
  23  2:24  Drone  
  23  2:29  Overlord  
  24  2:40  Lair  
  24  2:41  Drone  
  25  2:45  Extractor, Drone  
  25  2:47  Drone  
  26  3:03  Drone  
  26  3:04  Queen  
  29  3:06  Extractor  
  29  3:12  Drone x4  
  32  3:14  Drone  
  32  3:19  Overlord  
  33  3:25  Drone  
  34  3:39  Drone, Spire  
  34  3:41  Overlord  
  34  3:44  Drone  
  34  3:45  Drone  
  36  4:03  Drone  
  36  4:05  Drone  
  36  4:07  Hatchery  
  36  4:09  Drone  
  38  4:13  Extractor  
  38  4:16  Drone x2  
  39  4:20  Spine Crawler  
  39  4:21  Overlord  
  39  4:22  Drone  
  39  4:25  Drone  
  39  4:29  Drone x2  
  42  4:38  Drone  
  43  4:40  Drone, Infestation Pit  
  43  4:50  Mutalisk x3  
  43  4:51  Drone  
  43  4:52  Drone  
  51  4:57  Drone  
  51  4:59  Mutalisk  
  52  5:03  Zerg Flyer Weapons Level 1  
  52  5:05  Overlord  
  54  5:08  Drone  
  55  5:31  Mutalisk x3  
  55  5:33  Drone x3  
  55  5:34  Drone  
  59  5:48  Mutalisk x2  
  56  6:08  Drone x3  
  59  6:18  Mutalisk  
  58  6:20  Zergling x4  
  58  6:21  Drone  
  55  6:35  Mutalisk  
  55  6:37  Drone  
  50  6:45  Mutalisk  
  50  6:47  Drone  
  48  7:09  Mutalisk  
  48  7:10  Drone x2  
  42  7:45  Drone x3  
  45  8:06  Hatchery  
  44  8:15  Hatchery  
  43  8:20  Mutalisk x3  
  45  8:42  Mutalisk x2  
  49  8:54  Mutalisk  
  51  8:55  Spine Crawler  
  50  9:15  Drone x2  
  52  9:24  Drone  
  53  9:37  Hatchery  
  52  9:41  Hatchery  
  49  10:15  Drone x2  
  49  10:16  Drone x4  
  49  10:21  Lair  
  55  10:27  Drone x3  
  58  10:48  Hatchery  
  58  10:49  Hatchery  
  56  10:58  Spore Crawler  
  56  11:04  Spore Crawler  
  51  11:05  Spore Crawler  
  50  11:11  Hatchery  
  50  11:12  Drone x8  
  50  11:13  Drone x3  
  50  11:18  Overseer  
  58  11:19  Pneumatized Carapace  
  58  11:23  Drone  
  54  11:36  Drone x3  
  54  11:37  Drone x3, Swarm Host x2  
  66  11:46  Drone, Hive  
  67  11:53  Drone x3  
  70  12:10  Drone x4  
  70  12:11  Drone x6  
  80  12:40  Drone  
  80  12:41  Drone x7  
  80  12:42  Drone x7  
  80  12:44  Overlord x3  
  95  12:51  Evolution Chamber  
  94  12:53  Evolution Chamber  
  94  12:55  Drone x2  
  95  12:59  Spire  
  95  13:00  Drone x3  
  97  13:12  Ultralisk Cavern  
  96  13:13  Drone x6  
  96  13:14  Drone x5  
  96  13:17  Extractor, Overlord  
  94  13:43  Drone x3  
  94  13:44  Drone x3, Spore Crawler  
  94  13:45  Spore Crawler  
  82  13:48  Spore Crawler  
  82  13:49  Spore Crawler  
  82  13:51  Spore Crawler  
  78  14:00  Extractor, Drone x3  
  78  14:02  Extractor  
  85  14:20  Zergling x2  
  85  14:21  Zergling x6  
  85  14:22  Zergling x4  
  77  14:27  Extractor  
  77  14:28  Extractor  
  77  14:29  Extractor x2  
  72  14:34  Drone x4  
  72  14:35  Drone x8  
  72  14:36  Drone x2, Overlord x2  
  73  14:41  Ultralisk Cavern  
  73  14:44  Ultralisk  
  72  14:49  Overlord x5  
  68  15:15  Extractor x2, Drone x2, Overlord  
  68  15:16  Overlord x3  
  68  15:17  Overlord  
  68  15:18  Drone x4  
  64  15:23  Extractor  
  64  15:27  Evolution Chamber  
  62  15:29  Ultralisk x4  
  62  15:30  Evolution Chamber  
  62  15:31  Anabolic Synthesis  
  62  15:48  Ultralisk  
  65  16:00  Drone  
  65  16:01  Drone  
  65  16:02  Drone x3  
  65  16:03  Drone x2  
  73  16:05  Drone x4  
Show
View Real Time Build Order
Export as new Build Order

Massa Terran 

Build Orders: Reaper Expand 

Get SALT Encoding   

  12  0:00  SCV  
  13  0:12  SCV  
  14  0:23  Supply Depot  
  14  0:24  SCV  
  15  0:45  SCV, Barracks  
  15  0:49  Refinery  
  17  0:57  SCV  
  17  1:09  SCV  
  18  1:21  SCV  
  19  1:34  Orbital Command  
  19  1:42  Command Center  
  19  1:56  Reaper  
  19  2:00  SCV  
  21  2:03  Bunker  
  21  2:10  Factory  
  21  2:20  SCV  
  22  2:28  Marine  
  23  2:30  Barracks  
  23  2:34  Supply Depot  
  23  2:53  SCV, Marine  
  25  3:06  SCV, Supply Depot  
  26  3:17  Factory Tech Lab  
  26  3:18  Barracks Tech Lab  
  26  3:20  Barracks Reactor  
  26  3:22  SCV  
  26  3:23  Orbital Command  
  27  3:28  Engineering Bay  
  27  3:33  Refinery  
  27  3:34  SCV  
  27  3:37  Supply Depot  
  28  3:41  Siege Tank  
  28  3:43  Marauder  
  28  3:46  SCV  
  34  4:03  SCV x2  
  34  4:04  Marauder  
  38  4:15  SCV x2  
  38  4:16  Command Center  
  40  4:23  Marine x2  
  42  4:27  SCV  
  42  4:28  Starport  
  43  4:33  SCV  
  44  4:39  SCV  
  44  4:41  Refinery  
  44  4:43  Refinery  
  44  4:44  Marauder  
  44  4:45  SCV, Stimpack  
  48  4:47  Widow Mine, Marine  
  48  4:48  Marine  
  48  4:52  SCV, Missile Turret  
  53  4:57  Missile Turret  
  53  5:24  SCV x2  
  55  5:29  Terran Infantry Weapons Level 1  
  55  5:30  Medivac  
  55  5:34  Orbital Command  
  57  5:36  SCV x2  
  57  5:41  Siege Tank  
  57  5:42  Marauder, Marine x2  
  66  5:48  SCV x2  
  55  6:00  Marine  
  55  6:01  Orbital Command  
  55  6:04  Marauder  
  50  6:25  Marauder  
  47  6:29  Orbital Command, Marine x2  
  49  6:36  Barracks  
  49  6:38  Barracks  
  37  6:47  Marine x2  
  38  7:05  Marine x2  
  35  7:23  Marine x2  
  35  7:26  SCV x2  
  37  7:38  SCV  
  36  7:48  Barracks Tech Lab  
  36  7:50  Marine x3  
  39  7:52  Orbital Command  
  39  8:08  Marine x3  
  41  8:25  Marine  
  33  8:35  Marauder, Marine  
  33  8:36  Marine  
  37  8:43  Marine  
  38  8:52  Orbital Command  
  38  8:53  Marine x2  
  40  8:56  Marauder  
  40  8:57  Factory  
  40  9:01  Marine  
  43  9:11  Marine  
  43  9:14  Refinery  
  43  9:16  Bunker  
  45  9:17  Refinery  
  45  9:18  Bunker, Marauder  
  45  9:19  Marine  
  45  9:20  Bunker, Combat Shield  
  47  9:28  Marine  
  47  9:33  Barracks Reactor  
  47  9:37  Marine  
  47  9:39  Marauder  
  49  9:46  Marine  
  49  9:52  SCV x2  
  52  9:55  Marine  
  53  10:00  Marauder  
  53  10:04  SCV x2, Marine  
  58  10:12  Marine  
  59  10:16  SCV x2  
  58  10:22  Marauder, Marine  
  58  10:28  SCV x2  
  58  10:29  Marine  
  58  10:30  Marine x2  
  58  10:33  Factory Tech Lab  
  61  10:40  SCV  
  62  10:44  SCV  
  62  10:45  Marine  
  62  10:48  Marine  
  62  10:51  Marine  
  62  10:55  Marine  
  62  10:56  Marine  
  62  10:58  SCV  
  62  11:03  Missile Turret  
  62  11:05  Missile Turret  
  62  11:15  Supply Depot  
  62  11:17  Supply Depot x3  
  62  11:37  Marauder, Marine x3, Siege Tank  
  62  11:38  Marine  
  71  11:43  Missile Turret  
  71  11:47  Missile Turret  
  71  11:48  SCV x2  
  73  11:54  Marine x3  
  73  11:56  Marine  
  73  11:59  Marauder  
  73  12:00  SCV x2  
  81  12:12  SCV x2, Marine x3  
  86  12:16  Starport  
  86  12:20  Marauder  
  88  12:33  Siege Tank  
  88  12:34  Marine, Command Center  
  88  12:35  Marine x2  
  94  12:45  Refinery, Missile Turret  
  94  12:47  Supply Depot  
  94  12:50  Supply Depot  
  94  13:08  Marine x4  
  94  13:09  SCV x2, Medivac  
  102  13:20  Siege Tank  
  102  13:21  SCV x2  
  107  13:34  SCV x2  
  109  13:46  SCV x2  
  111  13:58  SCV  
  111  13:59  SCV  
  46  14:10  SCV  
  46  14:11  Marauder  
  46  14:12  Marine x2  
  43  14:17  Barracks  
  43  14:21  Orbital Command  
  43  14:23  Widow Mine  
  45  14:29  Supply Depot  
  45  14:30  Marine x2  
  47  14:33  Marauder  
  41  14:40  Orbital Command  
  24  14:54  Marauder  
  18  15:16  SCV, Marauder  
  18  15:28  SCV  
  13  15:40  SCV  
  14  15:52  SCV  
  11  15:59  Missile Turret  
  11  16:04  SCV  
  11  16:09  Command Center  
  12  16:16  SCV  
  12  16:17  Supply Depot  
  13  16:24  Engineering Bay  
Tags
 
Add a new tag
Caveats
  • Supply blocks, unpowered buildings, or Contaminate may cause inaccurate times.
  • Supply counts are checked every 10 seconds.